 Dungeon Crawl Stone Soup version 0.24-a0-479-g9a978d2 (webtiles) character file.

Game seed: 7795075508583108857

26 silentkaos13 the Stinger (level 2, -1/19 HPs)
             Began as a Demonspawn Venom Mage on July 9, 2019.
             Slain by a phantom (8 damage)
             ... on level 2 of the Dungeon.
             The game lasted 00:06:40 (1204 turns).

silentkaos13 the Stinger (Demonspawn Venom Mage)    Turns: 1204, Time: 00:06:41

Health: -1/19      AC:  2    Str:  8    XL:     2   Next: 89%
Magic:  5/5        EV: 12    Int: 16    God:
Gold:   46         SH:  0    Dex: 13    Spells: 3/6 levels left

rFire    . . .     SeeInvis .   (no weapon)
rCold    . . .     Gourm    .   (no shield)
rNeg     . . .     Faith    .   a - +0 robe
rPois    .         Spirit   .   (no helmet)
rElec    .         Reflect  .   (no cloak)
rCorr    .         Harm     .   (no gloves)
MR       .....                  (no boots)
Stlth    ++........             (no amulet)
HPRegen  0.06/turn              (no ring)
MPRegen  0.09/turn              (no ring)

@: no status effects
A: talons 1
a: no special abilities


You were on level 2 of the Dungeon.
You were not hungry.

You visited 1 branch of the dungeon, and saw 2 of its levels.

You collected 46 gold pieces.

Inventory:

Armour
 a - a +0 robe (worn)
Scrolls
 b - a scroll of teleportation
 e - 2 scrolls of identify {unknown}
 f - a scroll of amnesia {unknown}
 h - 2 scrolls of blinking {unknown}
Potions
 d - a potion of degeneration {unknown}
 g - a potion of heal wounds {unknown}
 i - a potion of invisibility {unknown}
Comestibles
 c - a ration


   Skills:
 + Level 2.1 Dodging
 - Level 1.7 Stealth
 + Level 2.5 Spellcasting
 + Level 1.0 Conjurations
 + Level 3.4 Poison Magic


You had 3 spell levels left.
You knew the following spells:

 Your Spells              Type           Power        Failure   Level  Hunger
a - Sting                 Conj/Pois      #...         8%          1    #......
b - Poisonous Vapours     Pois/Air       #.....       14%         2    ##.....

Your spell library contained the following spells:

 Spells                   Type           Power        Failure   Level  Hunger
 Mephitic Cloud           Conj/Pois/Air  #.......     32%         3    ###....
 Olgreb's Toxic Radiance  Pois           ##......     43%         4    #####..
 Venom Bolt               Conj/Pois      #.........   91%         5    ######.


Dungeon Overview and Level Annotations

Branches:
Dungeon (2/15)

Altars:

Annotations:
D:2 Terence


Innate Abilities, Weirdness & Mutations

You have sharp toenails.


Message History

The phantom barely misses you.
You closely miss the phantom. You claw the phantom, but do no damage.
The phantom hits you.
You hit the phantom.
The phantom is lightly damaged.
The phantom misses you.
You miss the phantom.
The phantom is lightly damaged.
The phantom hits you but does no damage.
You hit the phantom but do no damage.
The phantom is lightly damaged.
The phantom blinks!
The phantom blinks!
You closely miss the phantom. You claw the phantom.
The phantom is lightly damaged.
The phantom hits you!
You closely miss the phantom. Your kick misses the phantom.
The phantom is lightly damaged.
The phantom hits you!
You die...

#.# #....########
#.# #.....†......
#.#####..#########
#.....%..#
#........#
#........#
#........#
#........#
#@W.......# ####
#.......(>.. ....
.[......#### ####
###......#
######## #... #...


You could see a phantom.

Vanquished Creatures
  4 dart slugs (D:1)
  2 bats
  2 goblins (D:1)
  A hobgoblin (D:1)
  A ball python (D:2)
  A frilled lizard (D:2)
  2 kobolds (D:1)
  8 rats
21 creatures vanquished.

Notes
Turn   | Place    | Note
-------+----------+-------------------------------------------
     0 | D:1      | silentkaos13 the Demonspawn Venom Mage began the quest for
                  | the Orb.
     0 | D:1      | Reached XP level 1. HP: 13/13 MP: 3/3
   148 | D:1      | Gained mutation: You have sharp toenails. [demonic
                  | ancestry]
   148 | D:1      | Reached XP level 2. HP: 14/19 MP: 1/5
   844 | D:2      | Noticed Terence
  1083 | D:2      | Learned a level 2 spell: Poisonous Vapours
  1153 | D:2      | Noticed a phantom
  1204 | D:2      | Slain by a phantom

Levels and vault maps discovered:
D:1:      onia_arrival_handbag, layout_basic
D:2:      minmay_alternating_diamond, layout_basic, lemuel_doored_altar,
          nicolae_ru_the_path_less_chosen, uniq_terence, uniq_sigmund

Skill      XL: |  1 |
---------------+----+-----
Dodging        | 2 |  2.1
Stealth        | |  1.7
Spellcasting   | |  2.5
Conjurations   | |  1.0
Poison Magic   | |  3.4

Action                   || total
-------------------------++-------
Melee: Unarmed           ||    12
       Kick              ||     3
 Cast: Sting             ||    30
  Use: Scroll            ||     1
  Eat: Chunk             ||     1
Armor: Robe              ||     3
Dodge: Dodged            ||    17

Table legend:
 A = Non-vault XP
 B = Vault XP
 C = Vault XP percentage of total XP
 D = Non-vault monster count
 E = Vault monster count
 F = Vault count percentage of total count
                 A         B        C        D         E       F
            +---------+---------+-------+---------+---------+-------
      Total |      34 |       4 |  10.5 |      17 |       4 |  19.0
            +---------+---------+-------+---------+---------+-------
        D:1 |      30 |       4 |  11.8 |      13 |       4 |  23.5
        D:2 |       4 |       0 |   0.0 |       4 |       0 |   0.0
            +---------+---------+-------+---------+---------+-------
